 Dungeon Crawl Stone Soup version 0.26-a0-658-gbdda728c12 (webtiles) character file.

Game seed: 4965398671134163918

33 flotson the Cutter (level 3, -6/21 HPs)
             Began as a Kobold Gladiator on Oct 4, 2020.
             Mangled by a gnoll
             ... wielding a +0 flail
              (9 damage)
             ... on level 1 of the Dungeon.
             The game lasted 00:01:58 (1376 turns).

flotson the Cutter (Kobold Gladiator)               Turns: 1376, Time: 00:01:58

Health: -6/21      AC:  6    Str: 12    XL:     3   Next: 47%
Magic:  3/3        EV: 15    Int:  9    God:
Gold:   74         SH:  0    Dex: 16    Spells: 2/2 levels left

rFire    . . .     SeeInvis .   a - +0 rapier
rCold    . . .     Faith    .   (shield restricted)
rNeg     . . .     Spirit   .   e - +0 ring mail
rPois    .         Reflect  .   c - +0 helmet
rElec    .         Harm     .   (no cloak)
rCorr    .         Rampage  .   (no gloves)
MR       .....                  (no boots)
Stlth    ++........             (no amulet)
HPRegen  0.07/turn              (no ring)
MPRegen  0.08/turn              (no ring)

@: no status effects
A: small, nightstalker 3
a: no special abilities


You were on level 1 of the Dungeon.
You visited 1 branch of the dungeon, and saw 2 of its levels.

You collected 74 gold pieces.

Inventory:

Hand Weapons
 a - a +0 rapier (weapon)
Missiles
 d - 3 throwing nets (quivered)
Armour
 c - a +0 helmet (worn)
 e - a +0 ring mail (worn)
Scrolls
 b - a scroll of teleportation {unknown}
 h - a scroll of remove curse {unknown}
Potions
 f - a potion of stabbing {unknown}
 g - a potion of flight {unknown}
 i - 2 potions of might {unknown}


   Skills:
 + Level 2.3 Fighting
 + Level 4.8 Short Blades
 + Level 2.3 Throwing
 + Level 0.4 Armour
 + Level 4.0 Dodging
 + Level 1.1 Stealth


You had 2 spell levels left.
You didn't know any spells.
Your spell library was empty.

Dungeon Overview and Level Annotations

Branches:
Dungeon (2/15)

Altars:


Innate Abilities, Weirdness & Mutations

You are small and have problems with some larger weapons.
You are completely attuned to the shadows.


Message History

The gnoll hits you but does no damage.
You barely miss the gnoll.
The gnoll is severely wounded.
The gnoll barely misses you. x2
The gnoll hits you from afar with a +0 spear!
* * * LOW HITPOINT WARNING * * *
The gnoll hits you with a +0 flail.
* * * LOW HITPOINT WARNING * * *
The gnoll closely misses you. The gnoll hits you but does no damage.
You see here a falchion.
There is a stone staircase leading up here.
The gnoll hits you with a +0 flail.
* * * LOW HITPOINT WARNING * * *
You climb upwards.
There is a stone staircase leading down here.
You hit the gnoll but do no damage.
The gnoll is heavily wounded.
The gnoll misses you. The gnoll hits you with a +0 flail!
You die...

#################################
...................).............
..########.......################
..########.......# #
..'............g># #
..########......@# # ..#
#.......# # ..# #.......# #
..########.......##### #
................[....# #
.....................# #
..............#......############
..............#.###............##
##............#.###......†.....##


You could see a gnoll.

Vanquished Creatures
  An ooze (D:2)
  A dart slug (D:1)
  A leopard gecko (D:2)
  A ball python (D:1)
  A giant cockroach (D:1)
  2 goblins (D:1)
  2 hobgoblins (D:1)
  3 jackals (D:1)
  7 bats
  A frilled lizard (D:1)
  3 kobolds (D:1)
  4 rats
27 creatures vanquished.

Notes
Turn   | Place    | Note
-------+----------+-------------------------------------------
     0 | D:1      | flotson the Kobold Gladiator began the quest for the Orb.
     0 | D:1      | Reached XP level 1. HP: 12/12 MP: 1/1
    81 | D:1      | Reached XP level 2. HP: 7/17 MP: 2/2
   825 | D:1      | Reached skill level 1 in Stealth
   929 | D:1      | Reached XP level 3. HP: 17/21 MP: 3/3
  1376 | D:1      | Mangled by a gnoll

Illustrated notes

Levels and vault maps discovered:
D:1:      eino_arrival_druids_welcome, layout_basic
D:2:      layout_basic, chequers_mini_garden, kennysheep_okawaru_gauntlet

Skill      XL: |  1  2  3 |
---------------+----------+-----
Stealth        | 1 |  1.1
Dodging        | 4 |  4.0
Fighting       | |  2.3
Short Blades   | |  4.8
Throwing       | |  2.3
Armour         | |  0.4

Action                   || total
-------------------------++-------
Melee: Rapier            ||    81
 Stab: Sleeping          ||     8
Armor: Leather armour    ||    10
       Ring mail         ||    15
Dodge: Dodged            ||    83

Table legend: (Time is in decaauts)
 A = Elapsed time spent in this place.
 B = Non-inter-level travel time spent in this place.
 C = Inter-level travel time spent in this place.
 D = Time resting spent in this place.
 E = Time spent auto-exploring this place.
 F = Levels seen in this place.
 G = Mean time per level.
                   A        B        C        D        E       F      G
               +--------+--------+--------+--------+--------+-----+--------+
         Total |   1376 |   1354 |     22 |      0 |   1111 |   2 |  688.0 |
       Dungeon |   1376 |   1354 |     22 |      0 |   1111 |   2 |  688.0 |
               +--------+--------+--------+--------+--------+-----+--------+

Top non-repeatable levels by time:
     D:1: 1238 daAuts
     D:2: 138 daAuts
